 Dungeon Crawl Stone Soup version 0.29-a0-271-gd4eb659eea (webtiles) character file.

Game seed: 15798294663714794358

245 boopmooplesden the Chopper (level 5, -1/47 HPs)
             Began as a Minotaur Fighter on Mar 8, 2022.
             Slain by a sky beast (5 damage)
             ... on level 4 of the Dungeon.
             The game lasted 00:03:45 (3399 turns).

boopmooplesden the Chopper (Minotaur Fighter)       Turns: 3399, Time: 00:03:47

Health: -1/47      AC:  7    Str: 22    XL:     5   Next: 84%
Magic:  4/4        EV: 10    Int:  5    God:
Gold:   169        SH:  5    Dex: 10    Spells: 4/4 levels left

rFire   . . .      SeeInvis .   a - +0 war axe
rCold   . . .      Faith    .   c - +1 buckler
rNeg    . . .      Spirit   .   b - +0 scale mail
rPois   .          Reflect  .   (helmet restricted)
rElec   .          Harm     .   (no cloak)
rCorr   .          Rampage  .   (no gloves)
Will    .....                   (no boots)
Stlth   ..........              (no amulet)
HPRegen 0.15/turn               (no ring)
MPRegen 0.09/turn               (no ring)

@: no status effects
A: horns 2, retaliatory headbutt
a: no special abilities


You were on level 4 of the Dungeon.
You visited 1 branch of the dungeon, and saw 4 of its levels.

You collected 169 gold pieces.

Inventory:

Hand Weapons
 a - a +0 war axe (weapon)
 g - a +1 dagger of electrocution
 n - a +0 spectral club
Armour
 b - a +0 scale mail (worn)
 c - a +1 buckler (worn)
Jewellery
 m - a +4 ring of protection
Wands
 d - a wand of mindburst (6)
Scrolls
 f - a scroll of blinking
 i - a scroll of enchant weapon {unknown}
 k - a scroll of identify
Potions
 e - 3 potions of curing
 h - 2 potions of attraction {unknown}
 j - 2 potions of heal wounds {unknown}
 o - a potion of mutation {unknown}


   Skills:
 + Level 4.4 Fighting
 + Level 5.2 Axes
 + Level 4.2 Armour
 + Level 2.1 Dodging
 + Level 0.5 Stealth
 + Level 4.4 Shields


You had 4 spell levels left.
You didn't know any spells.
Your spell library contained the following spells:

 Spells                   Type           Power      Damage    Failure   Level
 Beastly Appendage        Tmut           0%         N/A       87%         1
 Wereblood                Tmut           0%         N/A       95%         2
 Ignite Poison            Fire/Tmut/Pois 0%         N/A       99%         3
 Mephitic Cloud           Conj/Pois/Air  0%         N/A       99%         3
 Spider Form              Tmut/Pois      0%         N/A       99%         3
 Freezing Cloud           Conj/Ice/Air   0%         6-21      100%        5


Dungeon Overview and Level Annotations

Branches:
Dungeon (4/15)
 Temple: D:4-7

Altars:


Innate Abilities, Weirdness & Mutations

You have a pair of horns on your head.
You reflexively headbutt those who attack you in melee.


Message History

The sky beast is severely wounded.
The sky beast misses you. You furiously retaliate!
You headbutt the sky beast, but do no damage.
You hit the sky beast.
The sky beast is almost dead.
The sky beast barely misses you.
You barely miss the sky beast.
The sky beast is almost dead.
The sky beast flickers out of sight!
Deactivating autopickup; reactivate with Ctrl-A.
Something hits you. Something shocks you.
Something hits you but does no damage.
You hit something but do no damage. Something hits you but does no damage.
You barely miss something.
You hear the slow hiss of an avalanche of sand very nearby.
Something hits you. Something shocks you.
You completely miss something. Something hits you but does no damage.
Something hits you. Something shocks you.
* * * LOW HITPOINT WARNING * * *
You hit something. Something hits you but does no damage.
You closely miss something. Something hits you but does no damage.
You closely miss something. Something hits you but does no damage.
You closely miss something. Your headbutt misses something. Something hits you.
* * * LOW HITPOINT WARNING * * *
Something shocks you.
* * * LOW HITPOINT WARNING * * *
Something hits you but does no damage.
You barely miss something. Something hits you but does no damage.
You closely miss something. Your headbutt misses something.
Something hits you but does no damage.
You closely miss something.
A sky beast appears from thin air!
Reactivating autopickup.
You block the sky beast's attack.
You hit the sky beast but do no damage. Your headbutt misses the sky beast.
The sky beast is almost dead.
The sky beast hits you but does no damage.
The sky beast hits you.
* * * LOW HITPOINT WARNING * * *
The sky beast shocks you.
You die...

#........ ## #........
..# ###..####... #.#
#...........
#.###########.#..###....
#................# .#
#.............##.#
#..#.##.########.###.#
................@Y...#
.....##.#######.######
####....# #. #.#### #.
#.# #. #.# #. #.# #. #.#
#. #.#


You could see a sky beast.

Vanquished Creatures
  A howler monkey (D:2)
  An orc priest (D:3)
  Ijyb (D:3)
  An iguana (D:3)
  4 adders
  2 worms (D:2)
  A dart slug (D:3)
  2 orcs (D:3)
  6 ball pythons
  6 bats
  8 endoplasms
  2 giant cockroaches (D:1)
  6 goblins
  6 hobgoblins
  8 jackals
  3 quokkas
  5 frilled lizards
  12 kobolds
  5 rats
80 creatures vanquished.

Notes
Turn   | Place    | Note
-------+----------+-------------------------------------------
     0 | D:1      | boopmooplesden the Minotaur Fighter began the quest for the
                  | Orb.
     0 | D:1      | Reached XP level 1. HP: 19/19 MP: 0/0
   234 | D:1      | Reached XP level 2. HP: 27/27 MP: 1/1
   518 | D:1      | Reached skill level 3 in Axes
   567 | D:1      | Reached XP level 3. HP: 26/33 MP: 2/2
   974 | D:2      | Reached XP level 4. HP: 28/40 MP: 3/3
   982 | D:2      | Reached skill level 1 in Dodging
  1035 | D:2      | Reached skill level 4 in Axes
  1117 | D:2      | HP: 2/40 [kobold/+1 dagger of electrocution (20)]
  1141 | D:2      | HP: 2/40 [constriction (1)]
  1972 | D:3      | Reached XP level 5. HP: 14/47 MP: 4/4
  2281 | D:3      | Found a faded altar of an unknown god.
  2931 | D:3      | Noticed Ijyb
  2942 | D:3      | Killed Ijyb
  2943 | D:3      | Reached skill level 5 in Axes
  3374 | D:4      | Noticed a sky beast
  3399 | D:4      | Slain by a sky beast

Illustrated notes

Levels and vault maps discovered:
D:1:      matt_arrival_refuge, layout_basic, minmay_cut_off
D:2:      layout_rooms, minmay_misc_feat_roman, corexii_corridor_pit,
          st_stairs_4
D:3:      layout_basic, hellmonk_ecumenical_altar_leap_of_faith, uniq_ijyb
D:4:      minmay_bubble_buster, layout_loops_ring, temple_pool_b,
          gammafunk_ghost_grave, gup_ossuary_entry_pyramid

Skill      XL: |  1  2  3  4  5 |
---------------+----------------+-----
Shields        | 4 |  4.4
Axes           | 3 4 5 |  5.2
Fighting       | 4 |  4.4
Armour         | 4 |  4.2
Dodging        | 1 2 |  2.1
Stealth        | |  0.5

Action                   |  1- 3 |  4- 6 || total
-------------------------+-------+-------++-------
Melee: War axe           |    76 |   116 ||   192
       Headbutt          |    13 |    13 ||    26
  Use: Scroll            |       |     6 ||     6
       Potion            |       |     2 ||     2
Armor: Scale mail        |    42 |    57 ||    99
Dodge: Dodged            |    47 |    54 ||   101
Block: Buckler           |    15 |    41 ||    56

Table legend: (Time is in decaauts)
 A = Elapsed time spent in this place.
 B = Non-inter-level travel time spent in this place.
 C = Inter-level travel time spent in this place.
 D = Time resting spent in this place.
 E = Time spent auto-exploring this place.
 F = Levels seen in this place.
 G = Mean time per level.
                   A        B        C        D        E       F      G
               +--------+--------+--------+--------+--------+-----+--------+
         Total |   3466 |   3433 |     33 |    662 |   2058 |   4 |  866.5 |
       Dungeon |   3466 |   3433 |     33 |    662 |   2058 |   4 |  866.5 |
               +--------+--------+--------+--------+--------+-----+--------+

Top non-repeatable levels by time:
     D:3: 1371 daAuts
     D:2: 1097 daAuts
     D:1: 887 daAuts
     D:4: 110 daAuts
